 Dungeon Crawl Stone Soup version 0.29-a0-643-ga013cefcf8 (webtiles) character file.

Game seed: 1690945682410198963

67257 ptdevnull the Bludgeoner (level 15, -27/167 HPs)
             Began as an Ogre Gladiator on June 20, 2022.
             Was a High Priest of Qazlal.
             Annihilated by an ettin
             ... wielding a +0 dire flail of protection
              (39 damage)
             ... on level 13 of the Dungeon.
             The game lasted 00:51:53 (22207 turns).

ptdevnull the Bludgeoner (Ogre Gladiator)          Turns: 22207, Time: 00:51:53

Health: -27/167    AC: 13    Str: 28    XL:     15   Next: 22%
Magic:  26/26      EV: 10    Int:  9    God:    Qazlal [*****.]
Gold:   1434       SH:  7    Dex: 10    Spells: 14/14 levels left

rFire   + . .      SeeInvis .   q - +2 morningstar (flame)
rCold   + . .      Faith    .   (no shield)
rNeg    . . .      Spirit   .   b - +2 robe {rC+ rF+}
rPois   +          Reflect  .   c - +1 hat
rElec   .          Harm     .   i - +2 cloak {rCorr}
rCorr   +          Rampage  .   (gloves unavailable)
Will    ++...                   (boots unavailable)
Stlth   +.........              j - amulet "Odwiq" {rPois Regen+}
HPRegen 1.17/turn               P - ring of willpower
MPRegen 0.20/turn               u - ring of resist corrosion

@: protected from physical damage, repel missiles
A: large, unfitting armour, tough skin 1
a: Renounce Religion, Upheaval, Elemental Force, Disaster Area


You were on level 13 of the Dungeon.
You worshipped Qazlal.
Qazlal was extremely pleased with you.
You visited 3 branches of the dungeon, and saw 22 of its levels.

You collected 1626 gold pieces.
You spent 192 gold pieces at shops.

Inventory:

Hand Weapons
 a - a +0 flail
 q - a +2 morningstar of flaming (weapon)
 F - a +0 giant spiked club
 G - a +3 flail of protection
Missiles
 d - 4 throwing nets
 y - 5 silver boomerangs
 O - 4 large rocks (quivered)
Armour
 b - a +2 robe of resistance (worn)
 c - a +1 hat (worn)
 i - a +2 cloak of preservation (worn)
 B - a scarf of resistance
 Q - +0 acid dragon scales
Jewellery
 j - the amulet "Odwiq" (around neck) {rPois Regen+}
   (You acquired it on level 5 of the Dungeon)

   [amulet of regeneration]

   rPois:     It protects you from poison.
   Regen:     It increases your rate of health regeneration.
 u - a ring of resist corrosion (right hand)
 C - a ring of magical power
 H - a ring of ice
 P - a ring of willpower (left hand)
Wands
 z - a wand of polymorph (12)
 L - a wand of iceblast (7)
 M - a wand of paralysis (9)
 S - a wand of flame (21)
 U - a wand of mindburst (12)
Scrolls
 e - 2 scrolls of vulnerability
 k - 2 scrolls of magic mapping
 o - 6 scrolls of teleportation
 p - a scroll of identify
 r - 2 scrolls of immolation
 A - a scroll of fog
 D - 5 scrolls of poison
 E - 2 scrolls of brand weapon
 J - 2 scrolls of amnesia
 K - 4 scrolls of fear
 R - 4 scrolls of enchant armour
 T - 2 scrolls of summoning
 V - 2 scrolls of enchant weapon
Potions
 f - 5 potions of degeneration
 g - 6 potions of curing
 h - 2 potions of lignification
 l - 8 potions of brilliance
 m - a potion of mutation
 n - a potion of heal wounds
 s - 6 potions of attraction
 t - 2 potions of resistance
 v - a potion of magic
 w - a potion of ambrosia {unknown}
 x - a potion of berserk rage {unknown}
 I - a potion of flight {unknown}
 X - 3 potions of might {unknown}
 Z - a potion of invisibility {unknown}
Miscellaneous
 N - a phantom mirror


   Skills:
 - Level 15.0 Fighting
 - Level 16.0 Maces & Flails
 + Level 3.2 Throwing
 - Level 8.0 Armour
 - Level 2.6 Dodging
 - Level 15.1 Invocations


You had 14 spell levels left.
You didn't know any spells.
Your spell library contained the following spells:

 Spells                   Type           Power      Damage    Failure   Level
 Shock                    Conj/Air       0%         1d3       38%         1
 Scorch                   Fire           0%         2d5       52%         2
 Static Discharge         Conj/Air       0%         N/A       52%         2
 Call Canine Familiar     Summ           0%         N/A       77%         3
 Conjure Flame            Conj/Fire      0%         6-21      77%         3
 Ignite Poison            Fire/Tmut/Pois 0%         N/A       77%         3
 Portal Projectile        Hex/Tloc       0%         N/A       77%         3
 Swiftness                Air            0%         N/A       77%         3
 Airstrike                Air            0%         N/A       99%         4
 Animate Armour           Summ/Erth      0%         N/A       99%         4
 Dispel Undead            Necr           0%         3d6       99%         4
 Flame Wave               Conj/Fire      0%         2d4       99%         4
 Leda's Liquefaction      Hex/Erth       0%         N/A       99%         4
 Sticky Flame             Conj/Fire      0%         2d3       99%         4
 Alistair's Intoxication  Tmut/Pois      0%         N/A       100%        5
 Blade Hands              Tmut           0%         N/A       100%        5
 Borgnjor's Vile Clutch   Necr/Erth      0%         N/A       100%        5
 Fireball                 Conj/Fire      0%         3d3       100%        5
 Iskenderun's Battlesphe  Conj           0%         2d6       100%        5
 Lee's Rapid Deconstruct  Erth           0%         3d5*      100%        5
 Lightning Bolt           Conj/Air       0%         1d11      100%        5
 Conjure Ball Lightning   Conj/Air       0%         3x3d6     100%        6
 Eringya's Noxious Bog    Tmut/Pois      0%         N/A       100%        6
 Iron Shot                Conj/Erth      0%         9d1       100%        6
 Statue Form              Tmut/Erth      0%         N/A       100%        6
 Summon Cactus Giant      Summ           0%         N/A       100%        6
 Orb of Destruction       Conj           0%         9d5       100%        7
 Maxwell's Capacitive Co  Air            0%         ∞         100%        8


Dungeon Overview and Level Annotations

Branches:
Dungeon (14/15)            Temple (0/1) D:6            Lair (6/6) D:11
  Swamp (0/4) Lair:4       Spider (0/4) Lair:2        Slime (0/5) Lair:6
    Orc (2/2) D:11            Elf (0/3) Orc:2
 Vaults: D:13-14

Altars:
Elyvilon
Gozag
Kikubaaqudgha
Qazlal
Sif Muna
Vehumet
Yredelemnul
Zin
Jiyva

Shops:
D:3 [   D:11 :

Annotations:
D:8 1 runed translucent door, valliere's ghost, novice DsFi
Lair:6 3 runed translucent doors


Innate Abilities, Weirdness & Mutations

You are too large for most types of armour.
You have tough skin. (AC +1)


Message History

The ettin hits you with a +2 dire flail of protection!!
You hit the ettin. You burn the ettin.
The ettin is lightly wounded.
You hit the ettin. You burn the ettin.
The ettin is lightly wounded.
The ettin hits you with a +0 dire flail of protection!
The ettin hits you with a +2 dire flail of protection!
You impale the ettin!! You burn the ettin!
The ettin is severely wounded.
The ettin misses you. The ettin barely misses you.
You hit the ettin. You burn the ettin.
The ettin is severely wounded.
You hit the ettin but do no damage.
The ettin is severely wounded.
The ettin hits you with a +0 dire flail of protection!
You feel protected from physical attacks.
The ettin barely misses you.
You are too injured to fight recklessly!
You are too injured to fight recklessly!
You completely miss the ettin.
The ettin is severely wounded.
The ettin hits you with a +0 dire flail of protection!
The ettin barely misses you.
You hit the ettin but do no damage.
The ettin is severely wounded.
The ettin barely misses you.
The ettin hits you with a +2 dire flail of protection!
You hit the ettin but do no damage.
The ettin is severely wounded.
You barely miss the ettin.
The ettin is severely wounded.
The ettin hits you with a +0 dire flail of protection!!
* * * LOW HITPOINT WARNING * * *
The ettin hits you with a +2 dire flail of protection!
* * * LOW HITPOINT WARNING * * *
You barely miss the ettin.
The ettin is severely wounded.
The ettin barely misses you.
The ettin hits you with a +2 dire flail of protection!!!
You die...

#. #. +. .. ..### #.
.. #.##.##.# #. .##
#.##...##.# #.
..####.##).#..##.# #.
#.#...##..###..##.###
## #....##.@##
##..##...##
##.#.##.C##
##..##...###
#.....##. ##..##...#.
#..##..## ##..##....
#...##..# ##....#..
##...##..# ##...#..
####.##..# ##.......
##.##.. ##......#.
##.##. ##.......#.


You could see an ettin.

Vanquished Creatures
  A sphinx (D:13)
  A tengu reaver (D:13)
  A deep elf high priest (D:13)
  5 boulder beetles
  8 hydras
  4 two-headed ogres
  A tengu warrior (D:13)
  6 death yaks (Lair:4)
  Sonja (D:13)
  A lindwurm (Lair:6)
  An ugly thing (D:12)
  2 manticores
  2 orc sorcerers
  A cyclops (D:13)
  Maurice (D:11)
  9 black mambas
  8 cane toads
  A gargoyle (D:12)
  9 elephants
  3 molten gargoyles (Lair:6)
  A torpor snail (Lair:3)
  2 rime drakes
  A kobold demonologist (D:11)
  A komodo dragon (shapeshifter) (D:13)
  A tengu conjurer (D:13)
  12 komodo dragons
  4 trolls
  4 polar bears
  Prince Ribbit (D:9)
  14 blink frogs
  9 slime creatures
  A vampire (D:9)
  3 spriggans (Lair:1)
  Sigmund (D:3)
  2 wraiths
  2 shadows (D:10)
  52 yaks
  10 wyverns
  3 steam dragons
  8 basilisks
  2 wargs (Orc:1)
  6 vampire mosquitoes
  2 acid dragons
  4 hell hounds (Lair:6)
  17 water moccasins
  A swamp drake (Lair:4)
  A sky beast (D:7)
  6 black bears
  11 orc warriors
  3 ice beasts
  6 ogres
  27 wolves
  5 centaurs
  6 phantoms
  4 kobold brigands
  16 bullfrogs
  2 gnoll sergeants
  A necrophage (D:7)
  A water moccasin zombie (D:6)
  2 scorpions
  6 wights (D:9)
  21 killer bees
  A water moccasin skeleton (D:6)
  4 howler monkeys
  3 electric eels
  5 lava snakes (Lair:6)
  5 bullfrog zombies (D:6)
  4 centaur zombies (D:6)
  3 hounds
  A bullfrog skeleton (D:6)
  11 orc priests
  3 gnoll shamans
  Terence (D:3)
  4 iguanas
  13 orc wizards
  Natasha (thrice) (D:3)
  2 killer bee zombies (D:6)
  30 gnolls
  6 adders
  2 shadow imps
  A white imp (D:8)
  An ufetubus (D:4)
  A worm (D:2)
  A dart slug (D:1)
  46 orcs
  12 endoplasms
  6 giant cockroaches
  9 goblins
  9 hobgoblins
  4 jackals (D:5)
  6 quokkas
  3 ball pythons
  8 bats
  A frilled lizard (D:2)
  21 kobolds
  9 rats
587 creatures vanquished.

Vanquished Creatures (collateral kills)
  A hydra (Lair:1)
  A water moccasin (Lair:1)
  3 wolves (Lair:3)
  A bullfrog (Lair:3)
  A killer bee (D:9)
7 creatures vanquished.

Vanquished Creatures (others)
  24 fungi
  155 plants
  2 withered plants (D:4)
181 creatures vanquished.

Grand Total: 775 creatures vanquished

Notes
Turn   | Place    | Note
-------+----------+-------------------------------------------
     0 | D:1      | ptdevnull the Ogre Gladiator began the quest for the Orb.
     0 | D:1      | Reached XP level 1. HP: 22/22 MP: 1/1
   459 | D:1      | Reached XP level 2. HP: 31/31 MP: 2/2
   727 | D:1      | Reached skill level 3 in Maces & Flails
   851 | D:1      | Reached XP level 3. HP: 33/39 MP: 3/3
   960 | D:1      | Found a faded altar of an unknown god.
  1013 | D:1      | Prayed at the altar of an unknown god.
  1013 | D:1      | Became a worshipper of Qazlal Stormbringer
  1013 | D:1      | Reached * piety under Qazlal
  2036 | D:2      | Reached XP level 4. HP: 49/49 MP: 4/4
  2308 | D:3      | Noticed Natasha
  2310 | D:3      | Killed Natasha
  2311 | D:3      | Reached skill level 5 in Fighting
  2332 | D:3      | Noticed Terence
  2339 | D:3      | Killed Terence
  2423 | D:3      | Reached XP level 5. HP: 59/59 MP: 5/5
  2449 | D:3      | Noticed Sigmund
  2457 | D:3      | Killed Sigmund
  2458 | D:3      | Reached skill level 4 in Maces & Flails
  2458 | D:3      | Reached XP level 6. HP: 29/71 MP: 6/6
  2725 | D:3      | Reached ** piety under Qazlal
  2792 | D:3      | Found Midavah's Antique Armour Shop.
  2994 | D:3      | Noticed Natasha
  3002 | D:3      | Killed Natasha
  3358 | D:3      | Noticed Natasha
  3360 | D:3      | Killed Natasha
  4272 | D:4      | Reached XP level 7. HP: 78/78 MP: 7/7
  4272 | D:4      | Found a radiant altar of Vehumet.
  4289 | D:4      | Reached skill level 5 in Maces & Flails
  4454 | D:4      | Found a shimmering blue altar of Sif Muna.
  4603 | D:4      | Found a basalt altar of Yredelemnul.
  4977 | D:5      | Entered Level 5 of the Dungeon
  5045 | D:5      | Identified a scroll of acquirement
  5045 | D:5      | Acquired the amulet "Odwiq" {rPois Regen+}
  5195 | D:5      | Reached skill level 6 in Maces & Flails
  5196 | D:5      | Reached XP level 8. HP: 36/89 MP: 8/8
  5425 | D:5      | Reached *** piety under Qazlal
  5701 | D:5      | Reached skill level 7 in Maces & Flails
  5888 | D:6      | Found a staircase to the Ecumenical Temple.
  6253 | D:6      | Reached skill level 8 in Maces & Flails
  6257 | D:6      | Reached skill level 10 in Fighting
  6257 | D:6      | Reached XP level 9. HP: 67/101 MP: 9/9
  6383 | D:3      | Bought a runed scarf for 192 gold pieces
  6580 | D:6      | Reached **** piety under Qazlal
  6765 | D:6      | Found an ancient bone altar of Kikubaaqudgha.
  6771 | D:6      | Found a white marble altar of Elyvilon.
  6858 | D:6      | Reached skill level 9 in Maces & Flails
  6858 | D:6      | Reached skill level 1 in Invocations
  6994 | D:6      | Identified the +4 spear "Moklo" {venom, rElec}
  7095 | D:7      | Found a glowing silver altar of Zin.
  7096 | D:7      | Found an opulent altar of Gozag.
  7416 | D:7      | Reached skill level 5 in Invocations
  7416 | D:7      | Reached XP level 10. HP: 96/111 MP: 13/13
  7420 | D:7      | Reached skill level 10 in Maces & Flails
  8265 | D:8      | Found a runed translucent door.
  8341 | D:8      | Noticed a deep elf pyromancer
  8341 | D:8      | Noticed valliere's ghost (novice DsFi)
  8823 | D:9      | Noticed Prince Ribbit
  8844 | D:9      | Killed Prince Ribbit
  9153 | D:9      | Reached skill level 11 in Maces & Flails
  9190 | D:9      | Noticed a manticore
  9190 | D:9      | Noticed a catoblepas
  9191 | D:9      | Noticed a manticore
  9192 | D:9      | Noticed a centaur warrior
  9303 | D:9      | Noticed a centaur warrior
  9306 | D:9      | Noticed a centaur warrior
  9692 | D:10     | Entered Level 10 of the Dungeon
  9695 | D:10     | Noticed a boulder beetle
  9708 | D:10     | Killed a boulder beetle
  9709 | D:10     | Reached XP level 11. HP: 57/119 MP: 17/17
 10255 | D:10     | Noticed a two-headed ogre
 10272 | D:10     | Killed a two-headed ogre
 10620 | D:10     | Reached skill level 12 in Maces & Flails
 10724 | D:11     | Noticed a boulder beetle
 10743 | D:11     | Killed a boulder beetle
 10745 | D:11     | Reached skill level 10 in Invocations
 10933 | D:11     | Found a staircase to the Lair.
 11049 | D:11     | Reached skill level 13 in Maces & Flails
 11186 | D:11     | Found a staircase to the Orcish Mines.
 11281 | D:11     | Found Zeateza's Book Shoppe.
 11700 | Lair:1   | Entered Level 1 of the Lair of Beasts
 11789 | Lair:1   | Noticed a five-headed hydra
 11804 | Lair:1   | Killed a five-headed hydra
 11806 | Lair:1   | Reached XP level 12. HP: 62/127 MP: 13/19
 11961 | Lair:1   | Reached skill level 14 in Maces & Flails
 12473 | Lair:1   | Noticed a six-headed hydra
 12487 | Lair:1   | Killed a six-headed hydra
 12892 | Lair:2   | Reached skill level 15 in Maces & Flails
 12962 | Lair:2   | Noticed a five-headed hydra
 12971 | Lair:2   | Killed a five-headed hydra
 13269 | Lair:2   | Found a hole to the Spider Nest.
 13448 | Lair:2   | Noticed a four-headed hydra
 13454 | Lair:2   | Killed a four-headed hydra
 13455 | Lair:2   | Reached skill level 16 in Maces & Flails
 13776 | Lair:3   | Reached skill level 1 in Armour
 13963 | Lair:3   | Noticed a six-headed hydra
 13968 | Lair:3   | Reached XP level 13. HP: 117/136 MP: 20/20
 15492 | Lair:4   | Reached skill level 5 in Armour
 15919 | Lair:4   | Found a staircase to the Swamp.
 16750 | Lair:5   | You fall into a shaft and drop 1 floor!
 16750 | Lair:6   | Entered Level 6 of the Lair of Beasts
 16802 | Lair:6   | Found a runed translucent door.
 16802 | Lair:6   | Found a viscous altar of Jiyva.
 17189 | Lair:6   | Reached XP level 14. HP: 150/150 MP: 22/22
 17190 | Lair:6   | Found a staircase to the Slime Pits.
 17845 | Lair:6   | Reached ***** piety under Qazlal
 17911 | Lair:6   | HP: 3/153 [black mamba (15)]
 18311 | Lair:6   | Found a large runed translucent door.
 18312 | Lair:6   | Found a large runed translucent door.
 19221 | Orc:1    | Entered Level 1 of the Orcish Mines
 19232 | Orc:1    | Noticed Maurice
 19244 | D:11     | Killed Maurice
 19794 | Orc:2    | Entered Level 2 of the Orcish Mines
 19807 | Orc:2    | Noticed an orc warlord
 20854 | D:12     | Reached skill level 15 in Fighting
 21175 | D:12     | You fall into a shaft and drop 2 floors!
 21241 | D:13     | Reached XP level 15. HP: 52/167 MP: 25/25
 21376 | D:13     | Noticed a tengu reaver
 21635 | D:13     | Noticed Sonja
 21637 | D:13     | Killed Sonja
 21775 | D:13     | Noticed a sphinx
 21778 | D:13     | Killed a tengu reaver
 21783 | D:13     | Killed a sphinx
 21784 | D:13     | Reached skill level 15 in Invocations
 22207 | D:13     | Annihilated by an ettin

Illustrated notes

Levels and vault maps discovered:
D:1:      dpeg_arrival_round_b, layout_basic, ebering_ecumenical_altar_petrified
D:2:      layout_loops_ring
D:3:      layout_basic, serial_shops, shop, grunt_ministairs_9,
          serial_bayou_pond_a, hangedman_decor_points, uniq_sigmund,
          uniq_natasha, uniq_terence
D:4:      layout_loops_ring, yredelemnul_altar_generic,
          mainiacjoe_overflow_catch_the_wave
D:5:      layout_rooms, kennysheep_generic_room_7
D:6:      layout_basic, mainiacjoe_overflow_big_doors,
          minmay_temple_entry_glass, serial_undead, serial_undead_e,
          serial_undead_e, serial_undead_a, serial_undead_d
D:7:      layout_rooms, grunt_temple_overflow_gold_and_silver
D:8:      layout_cave_pods, ebering_ghost_inner_flame
D:9:      layout_gridville, onia_ninara_dug_in_and_dangerous,
          uniq_prince_ribbit1
D:10:     layout_loops_ring, kennysheep_opposing_triangles
D:11:     layout_loops_cross, minmay_lair_entry_grove, hiddenorc1_lemuel,
          serial_shops, kennysheep_little_box
D:12:     layout_basic, minmay_quadrilaterals
D:13:     layout_roguey, david_vaults_2, minmay_diamond_spiral, uniq_sonja
D:14:     layout_irregular_city, hangedman_decor_slide_cut,
          einodemon_barbed_minivault, uniq_azrael
Lair:1:   layout_gridlike, chequers_serial_rivers_small_a, minivault_24,
          wad_woods_02, serial_bayou_shore_a
Lair:2:   layout_roguey, dummy_spider_entry
Lair:3:   layout_gridlike, serial_bayou, serial_bayou_pond_d,
          serial_bayou_pond_d, serial_bayou_pond_a, serial_bayou_lake_a,
          lemuel_fruit_fields
Lair:4:   beast_lair_carwin_large_4, layout_long_grid,
          minmay_swamp_entry_reptiles
Lair:5:   layout_small_grid
Lair:6:   cheibrodos_lair_end_hotspot, layout_layer_cave, slime_altar_2,
          lookout_lair_type, lemuel_fruit_tree
Orc:1:    layout_caves, uniq_maurice
Orc:2:    pf_orc_diabolical, layout_caves

Skill      XL: |  1  2  3  4  5  6  7  8  9 10 11 12 13 14 15 |
---------------+----------------------------------------------+-----
Fighting       | 3 4 5 7 8 10 12 15 | 15.0
Maces & Flails | 3 4 6 8 9 11 13 16 | 16.0
Invocations    | 5 8 10 11 14 15 | 15.1
Armour         | 1 6 8 |  8.0
Throwing       | 3 |  3.2
Dodging        | |  2.6

Action                   |  1- 3 |  4- 6 |  7- 9 | 10-12 | 13-15 || total
-------------------------+-------+-------+-------+-------+-------++-------
Melee: Flail             |   131 |     6 |       |       |       ||   137
       Morningstar       |       |    82 |   281 |   548 |   931 ||  1842
       Punch             |       |       |     5 |     7 |    18 ||    30
Throw: Large rock        |       |       |       |       |     2 ||     2
Invok: Upheaval          |       |       |     1 |    14 |     7 ||    22
       Elemental Force   |       |       |       |     2 |     2 ||     4
  Use: Scroll            |       |     9 |    10 |     6 |    15 ||    40
       Potion            |       |       |       |       |    10 ||    10
Armor: Robe              |    70 |    21 |    79 |    15 |    98 ||   283
       Acid dragon scale |       |       |       |   107 |   222 ||   329
Dodge: Dodged            |   102 |    51 |   175 |   201 |   357 ||   886
       Repelled          |       |       |       |       |     7 ||     7
Block: Other             |     3 |     4 |    66 |    99 |   228 ||   400

Table legend: (Time is in decaauts)
 A = Elapsed time spent in this place.
 B = Non-inter-level travel time spent in this place.
 C = Inter-level travel time spent in this place.
 D = Time resting spent in this place.
 E = Time spent auto-exploring this place.
 F = Levels seen in this place.
 G = Mean time per level.
                   A        B        C        D        E       F      G
               +--------+--------+--------+--------+--------+-----+--------+
         Total |  22000 |  20814 |   1186 |   2029 |  14840 |  22 | 1000.0 |
       Dungeon |  14055 |  13289 |    766 |   1416 |   9338 |  14 | 1003.9 |
          Lair |   7279 |   6973 |    306 |    541 |   5182 |   6 | 1213.2 |
  Orcish Mines |    664 |    551 |    113 |     72 |    320 |   2 |  332.0 |
               +--------+--------+--------+--------+--------+-----+--------+

Top non-repeatable levels by time:
  Lair:6: 1799 daAuts
     D:3: 1682 daAuts
     D:1: 1600 daAuts
    D:11: 1387 daAuts
  Lair:4: 1319 daAuts
     D:4: 1204 daAuts
    D:12: 1145 daAuts
  Lair:1: 1141 daAuts
     D:6: 1111 daAuts
  Lair:2: 1072 daAuts
    D:10: 1024 daAuts
     D:9: 1001 daAuts
  Lair:3: 995 daAuts
  Lair:5: 950 daAuts
     D:8: 927 daAuts
